 Dungeon Crawl Stone Soup version 0.21.1-68-g103a7afc0a (webtiles) character file.

1475 IceCat the Destroyer (level 8, -7/42 HPs)
             Began as a Deep Elf Conjurer on Aug 2, 2018.
             Was a Follower of Vehumet.
             Killed from afar by an electric eel (15 damage)
             ... with a bolt of electricity
             ... on level 5 of the Dungeon.
             The game lasted 00:33:07 (6135 turns).

IceCat the Destroyer (Deep Elf Conjurer)            Turns: 6135, Time: 00:33:08

Health: -7/42      AC:  4    Str:  5    XL:     8   Next: 49%
Magic:  17/21      EV: 18    Int: 23    God:    Vehumet [*.....]
Gold:   265        SH:  0    Dex: 15    Spells: 15/22 levels left

rFire    . . .     SeeInvis .   e - +1 short sword
rCold    + . .     Gourm    .   (no shield)
rNeg     . . .     Faith    .   a - +0 robe
rPois    .         Spirit   .   (no helmet)
rElec    .         Reflect  .   (no cloak)
rCorr    .         Harm     .   (no gloves)
MR       .....                  x - +1 pair of boots of Ugiomup {rC+ Regen+ Slay+3}
Stlth    ++++......             (no amulet)
HPRegen  0.54/turn              v - ring of stealth
MPRegen  0.17/turn              y - +4 ring of evasion

@: drained
A: no striking features
a: Renounce Religion


You were on level 5 of the Dungeon.
You worshipped Vehumet.
Vehumet was aware of your devotion.
You were near starving.

You visited 2 branches of the dungeon, and saw 6 of its levels.

You collected 265 gold pieces.

Inventory:

Hand Weapons
 e - a +1 short sword (weapon)
 g - a +1 vampiric short sword
Armour
 a - a +0 robe (worn)
 x - the +1 pair of boots of Ugiomup (worn) {rC+ Regen+ Slay+3}
   (You found it on level 4 of the Dungeon)

   It affects your accuracy and damage with ranged weapons and melee attacks
   (+3).
   It protects you from cold.
   It increases your rate of regeneration.
Jewellery
 v - a ring of stealth (left hand)
 y - a +4 ring of evasion (right hand)
Scrolls
 d - 4 scrolls of fog
 j - 2 scrolls of enchant weapon
 l - 5 scrolls of identify
 o - 2 scrolls of remove curse
Potions
 f - 2 potions of flight {unknown}
 h - a potion of might {unknown}
 i - 4 potions of curing
 k - a potion of degeneration {unknown}
 m - 3 potions of invisibility {unknown}
 n - a potion of heal wounds {unknown}
 p - a potion of brilliance {unknown}
 q - a potion of haste
 r - a potion of lignification {unknown}
 t - 3 potions of ambrosia {unknown}
Books
 b - a book of Conjurations

   Spells                             Type                      Level
   a - Magic Dart                     Conjuration                  1
   b - Searing Ray                    Conjuration                  2
   c - Dazzling Spray                 Conjuration/Hexes            3
   d - Fulminant Prism                Conjuration/Hexes            4
   e - Force Lance                    Conjuration/Translocation    4
   f - Iskenderun's Mystic Blast      Conjuration                  4
Comestibles
 c - 13 rations


   Skills:
 + Level 0.8(0.6) Fighting
 + Level 3.6(3.4) Dodging
 + Level 4.2(4.0) Stealth
 + Level 7.7(7.4) Spellcasting
 + Level 8.7(8.5) Conjurations
 * Level 5.6(5.3) Hexes


You had 15 spell levels left.
You knew the following spells:

 Your Spells              Type           Power        Failure   Level  Hunger
a - Magic Dart            Conj           ####         1%          1    None
b - Searing Ray           Conj           #####.       1%          2    None
c - Fulminant Prism       Conj/Hex       #####.....   4%          4    ###....


Dungeon Overview and Level Annotations

Branches:
Dungeon (5/15)             Temple (1/1) D:4

Altars:
Ashenzari
Cheibriados
Dithmenos
Elyvilon
Fedhas
Gozag
Hepliaklqana
Makhleb
Nemelex Xobeh
Okawaru
Qazlal
Ru
Sif Muna
Trog
Uskayaw
Vehumet
Wu Jian
Xom
Yredelemnul
Zin
The Shining One

Annotations:
D:4 Arth's ghost, amateur DsGl


Message History

Confirm with . or Enter, or press ? or * to list all spells.
Aiming: Fulminant Prism
Press: ? - help, Dir - move target cursor, f - plant
Aim: a plant (almost destroyed)
You can't place the prism on a creature.
Casting: Fulminant Prism
Confirm with . or Enter, or press ? or * to list all spells.
Aiming: Fulminant Prism
Press: ? - help, Dir - move target cursor, p - plant You conjure a prism of explosive energy!
The electric eel shoots out a bolt of lightning at you!
The bolt of electricity hits the plant.
The plant is destroyed!
The bolt of electricity hits you!
* * * LOW HITPOINT WARNING * * *
Your fulminant prism crackles loudly.
There is an open door here.
The electric eel shoots out a bolt of lightning at you!
The bolt of electricity hits you!
You die...

##### ##...## #.###.############
###########.# #............#
#...........###...###.####.#
#.##########...#### #.# #.# #.#
#.##### #.# ##.## #.#
#.###.########...##### #.#
#.##.@#....)≈##'#..... #.#
####.##.#'..PP≈≈≈#.######
#.#######.....#≈#....≈?.≈#.####
#.##...##....##≈#...≈*:;≈#.#..#
...........###≈≈##..P≈(≈##≈##.###
.........#..##.##########≈###....
............#..#..≈≈.≈##)####.##.
......##.#.##.#'...≈.≈≈#.#....##.
......##.#.##≈#....≈.≈≈#.##.####.


You could see an electric eel and a friendly fulminant prism.

Vanquished Creatures
  The ghost of greenouphe the Slasher, an amateur DsGl (D:5)
  Edmund (D:4)
  A phantom (D:4)
  2 ogres
  Blork the orc (D:4)
  2 scorpions
  A howler monkey (D:4)
  5 electric eels (D:5)
  A crimson imp (D:5)
  A jelly (D:5)
  3 orc priests
  An iguana (D:4)
  An orc wizard (D:4)
  A centaur skeleton (D:4)
  Natasha (thrice) (D:4)
  2 worker ants (D:4)
  A hound skeleton (D:5)
  6 adders
  A shadow imp (D:5)
  3 oozes
  An adder zombie (D:5)
  3 adder skeletons
  2 worms
  5 dart slugs
  3 leopard geckos
  16 orcs
  8 bats
  10 giant cockroaches
  13 goblins
  9 hobgoblins
  4 jackals (D:3)
  3 quokkas
  2 ball pythons
  7 frilled lizards
  5 kobolds
  A leopard gecko skeleton (D:4)
  A leopard gecko zombie (D:5)
  7 rats
138 creatures vanquished.

Vanquished Creatures (others)
  27 fulminant prisms
  2 plants (D:5)
29 creatures vanquished.

Grand Total: 167 creatures vanquished

Notes
Turn   | Place    | Note
-------+----------+-------------------------------------------
     0 | D:1      | IceCat the Deep Elf Conjurer began the quest for the Orb.
     0 | D:1      | Reached XP level 1. HP: 10/10 MP: 6/6
   328 | D:1      | Reached XP level 2. HP: 15/15 MP: 6/8
   332 | D:1      | Reached skill level 5 in Conjurations
   366 | D:1      | Learned a level 2 spell: Searing Ray
   933 | D:2      | Reached XP level 3. HP: 18/19 MP: 4/9
  1423 | D:2      | Noticed a scorpion
  1428 | D:2      | Killed a scorpion
  1428 | D:2      | Reached skill level 6 in Conjurations
  1428 | D:2      | Reached XP level 4. HP: 24/24 MP: 3/10
  1435 | D:2      | Learned a level 4 spell: Fulminant Prism
  1640 | D:3      | Reached skill level 1 in Hexes
  1702 | D:2      | Reached XP level 5. HP: 11/28 MP: 3/12
  2572 | D:3      | Reached skill level 7 in Conjurations
  2797 | D:3      | Reached XP level 6. HP: 32/32 MP: 5/14
  3005 | D:4      | Noticed Arth's ghost (amateur DsGl)
  3155 | D:4      | Noticed Natasha
  3160 | D:4      | Killed Natasha
  3358 | D:4      | Reached skill level 5 in Spellcasting
  3358 | D:4      | Reached XP level 7. HP: 36/36 MP: 5/16
  3448 | D:4      | Found a staircase to the Ecumenical Temple.
  3461 | Temple   | Entered the Ecumenical Temple
  3742 | Temple   | Became a worshipper of Vehumet
  3756 | D:4      | Noticed Blork the orc
  3844 | D:4      | Noticed Natasha
  3849 | D:4      | Killed Natasha
  4304 | D:4      | Got a pair of transparent boots
  4310 | D:4      | Identified the +1 pair of boots of Ugiomup {rC+ Regen+ Slay+3} (You found it on level 4 of the Dungeon)
  4510 | D:4      | Noticed Natasha
  4515 | D:4      | Killed Natasha
  4649 | D:4      | Killed Blork the orc
  4649 | D:4      | Reached skill level 8 in Conjurations
  4650 | D:4      | Noticed Edmund
  4667 | D:5      | Entered Level 5 of the Dungeon
  4675 | D:5      | Noticed greenouphe's ghost (amateur DsGl)
  4801 | D:5      | Killed greenouphe's ghost
  4801 | D:5      | Reached XP level 8. HP: 33/42 MP: 1/20
  5029 | D:4      | Killed Edmund
  5029 | D:4      | Reached skill level 5 in Hexes
  5628 | D:5      | Reached * piety under Vehumet
  5628 | D:5      | Offered knowledge of Sting by Vehumet.
  5756 | D:5      | Found a shimmering altar of Xom.
  6135 | D:5      | Killed from afar by an electric eel

Skill      XL: |  1  2  3  4  5  6  7  8 |
---------------+-------------------------+-----
Conjurations   | 5 6 7 8 |  8.7
Hexes          | 1 3 4 5 |  5.6
Spellcasting   | 4 5 6 7 |  7.7
Dodging        | 3 |  3.6
Stealth        | 3 4 |  4.2
Fighting       | |  0.8

Action                   |  1- 3 |  4- 6 |  7- 9 || total
-------------------------+-------+-------+-------++-------
Melee: Short sword       |     1 |       |       ||     1
 Cast: Magic Dart        |    48 |    51 |    28 ||   127
       Searing Ray       |     6 |    26 |    12 ||    44
       Fulminant Prism   |       |     1 |    27 ||    28
  Use: Scroll            |       |       |     7 ||     7
  Eat: Chunk             |     1 |     7 |     6 ||    14
       Ration            |       |       |     1 ||     1
Armor: Robe              |     4 |     2 |     3 ||     9
Dodge: Dodged            |     5 |    26 |    27 ||    58
